Map: [ESL] Data-C

Players

Serral

  • Race: Zerg Zerg
  • Spawn Location: 9:00

Astrea - Winner!

  • Race: Protoss Protoss
  • League: Master
  • Spawn Location: 3:00

Event: HomeStory Cup XXI

VOD

Have the link to the VOD?

Description

Time

  • Played on: July 24, 2022, 3:51 p.m.
  • Length: 15:10

All games in this series

Show
View Real Time Build Order
Export as new Build Order

Serral Zerg 

Build Orders: Hatch First 

Get SALT Encoding   

  12  0:00  Drone  
  13  0:11  Overlord  
  13  0:16  Drone  
  14  0:30  Drone x2  
  16  0:49  Hatchery  
  15  0:52  Drone  
  15  0:56  Drone  
  17  0:59  Drone  
  18  1:10  Extractor  
  17  1:16  Spawning Pool  
  16  1:20  Drone  
  16  1:22  Drone  
  18  1:27  Drone  
  19  1:39  Drone  
  20  1:51  Overlord  
  20  2:02  Queen  
  20  2:03  Queen  
  20  2:04  Zergling x4  
  26  2:10  Drone  
  26  2:12  Drone  
  26  2:15  Metabolic Boost  
  28  2:21  Drone  
  30  2:22  Drone  
  30  2:37  Hatchery  
  30  2:39  Drone  
  30  2:42  Drone  
  31  2:47  Queen  
  33  2:52  Overlord  
  33  2:55  Drone  
  33  2:57  Drone  
  35  2:59  Drone  
  36  3:07  Overlord  
  36  3:10  Queen  
  38  3:13  Drone  
  38  3:14  Drone  
  38  3:17  Drone  
  38  3:18  Drone  
  42  3:20  Drone  
  42  3:23  Drone  
  42  3:27  Queen  
  44  3:29  Drone  
  44  3:32  Overlord  
  47  3:40  Overlord  
  47  3:43  Drone  
  47  3:45  Drone  
  47  3:47  Drone x2  
  51  3:50  Queen  
  51  3:53  Drone x2  
  55  3:56  Zergling x2  
  55  3:59  Spore Crawler  
  55  4:00  Spore Crawler  
  55  4:01  Zergling x2  
  55  4:02  Drone  
  56  4:03  Drone  
  56  4:05  Drone  
  56  4:09  Queen  
  57  4:12  Drone  
  57  4:13  Drone  
  57  4:16  Overlord  
  61  4:18  Drone  
  61  4:19  Drone  
  61  4:21  Drone  
  64  4:24  Overlord  
  64  4:28  Roach Warren  
  64  4:30  Drone  
  64  4:31  Extractor  
  64  4:34  Drone x2  
  64  4:36  Drone x2  
  67  4:40  Drone  
  67  4:42  Drone x2  
  67  4:43  Drone x2  
  70  4:48  Lair  
  70  4:49  Drone  
  70  4:50  Drone  
  70  4:51  Drone  
  73  4:53  Zergling x2  
  73  4:55  Overlord  
  73  4:56  Drone  
  75  5:02  Zergling x2  
  75  5:03  Drone x3  
  75  5:04  Drone  
  80  5:07  Drone, Extractor  
  80  5:08  Extractor  
  80  5:10  Queen  
  80  5:11  Evolution Chamber  
  80  5:12  Drone  
  80  5:13  Drone  
  82  5:17  Overlord  
  82  5:20  Drone x3  
  85  5:21  Overlord  
  85  5:25  Drone x2  
  85  5:27  Drone x2  
  88  5:31  Drone  
  88  5:33  Overlord  
  88  5:34  Overlord  
  89  5:37  Extractor x2  
  89  5:39  Zerg Melee Weapons Level 1  
  87  5:45  Hatchery  
  86  5:50  Spore Crawler, Overseer  
  86  5:51  Spire  
  86  5:53  Drone x3  
  86  5:58  Roach x2  
  86  6:03  Roach x2  
  86  6:04  Roach x2  
  98  6:07  Overlord  
  98  6:12  Roach x2  
  98  6:13  Roach x2  
  98  6:16  Overlord  
  98  6:17  Overlord  
  105  6:24  Roach  
  105  6:25  Roach x3  
  113  6:26  Glial Reconstitution  
  113  6:30  Drone x4  
  113  6:31  Drone  
  118  6:37  Drone x3  
  121  6:40  Roach x3  
  126  6:49  Overlord  
  126  6:50  Zergling x10  
  131  6:55  Extractor x2  
  129  7:07  Roach  
  129  7:08  Roach x2  
  135  7:12  Mutalisk x8  
  151  7:24  Mutalisk x2  
  151  7:26  Zergling x10  
  160  7:30  Overlord, Zerg Flyer Weapons Level 1  
  160  7:34  Overlord x5  
  159  7:49  Drone x4  
  159  7:50  Drone x4  
  167  7:57  Baneling Nest, Mutalisk x5  
  176  8:08  Mutalisk x3  
  176  8:10  Zergling x14  
  189  8:18  Overlord  
  187  8:21  Mutalisk x3  
  184  8:34  Mutalisk x2  
  184  8:44  Mutalisk, Hatchery  
  184  8:45  Mutalisk x2  
  185  8:53  Mutalisk  
  185  8:54  Mutalisk  
  187  8:57  Zergling x10  
  192  9:05  Centrifugal Hooks  
  192  9:07  Mutalisk  
  192  9:19  Mutalisk x3  
  192  9:23  Drone  
  192  9:24  Drone x5  
  197  9:28  Mutalisk x2  
  197  9:31  Extractor  
  195  9:34  Extractor  
  194  9:43  Mutalisk  
  194  9:44  Mutalisk x2  
  194  9:49  Zergling x22  
  200  9:56  Zerg Melee Weapons Level 2  
  198  10:00  Mutalisk x2  
  200  10:14  Pneumatized Carapace, Zerg Flyer Weapons Level 2  
  182  10:24  Mutalisk  
  182  10:25  Mutalisk x3  
  182  10:26  Zergling x2  
  182  10:27  Zergling x36  
  193  10:32  Zergling x12  
  191  10:36  Zergling x4  
  191  10:37  Zergling x10  
  191  10:41  Hatchery x2  
  194  10:43  Mutalisk x3  
  197  10:59  Baneling x16  
  197  11:01  Zergling x4  
  199  11:10  Overseer  
  195  11:12  Mutalisk x2  
  195  11:15  Infestation Pit  
  190  11:27  Mutalisk x5  
  190  11:45  Baneling  
  190  11:46  Baneling x20  
  190  11:51  Zergling x20  
  200  11:56  Hive  
  200  11:57  Hydralisk Den  
  196  12:01  Extractor  
  196  12:03  Extractor  
  183  12:12  Zerg Missile Weapons Level 1  
  173  12:16  Zergling x4  
  173  12:17  Zergling x24  
  184  12:23  Zergling x30  
  184  12:25  Baneling x14  
  184  12:26  Baneling  
  189  12:42  Lurker Den, Zergling x22  
  199  12:45  Baneling x5  
  199  12:46  Baneling x6  
  198  12:58  Baneling x19  
  182  13:12  Zergling x8  
  183  13:13  Zergling x18  
  187  13:20  Baneling  
  187  13:21  Baneling x5  
  187  13:30  Zergling x28  
  179  13:44  Zergling x2  
  179  13:45  Zergling x26  
  154  13:53  Baneling x10  
  154  13:54  Baneling x7  
  151  13:56  Zergling x6  
  154  14:09  Zergling x2  
  141  14:10  Zergling x10  
  141  14:16  Zergling x2  
  126  14:17  Zergling x2  
  126  14:18  Zergling x6  
  126  14:19  Zergling x6  
  130  14:25  Zergling x4  
  130  14:27  Zergling x16  
  140  14:36  Zergling x6  
  134  14:42  Zergling x2  
  134  14:43  Zergling x4  
  116  14:48  Zergling x2  
  116  14:49  Zergling x2  
  116  14:50  Zergling x2  
Show
View Real Time Build Order
Export as new Build Order

Astrea Protoss - Winner!

Build Orders: 1 Gate Expand, Oracle Opening, Zealot Archon 

Get SALT Encoding   

  12  0:00  Probe  
  13  0:12  Probe  
  14  0:19  Pylon  
  14  0:24  Probe  
  15  0:38  Probe (Chrono Boost)  
  15  0:40  Gateway  
  16  0:47  Probe (Chrono Boost)  
  17  0:50  Assimilator  
  17  0:52  Probe (Chrono Boost)  
  19  1:04  Probe  
  19  1:16  Probe  
  20  1:26  Nexus  
  20  1:28  Probe  
  21  1:39  Cybernetics Core  
  21  1:44  Assimilator  
  21  1:47  Probe  
  21  1:53  Pylon  
  22  1:59  Probe (Chrono Boost)  
  23  2:11  Probe (Chrono Boost)  
  23  2:12  Adept (Chrono Boost)  
  26  2:20  Probe (Chrono Boost)  
  26  2:21  Stargate  
  27  2:26  Probe  
  28  2:30  Warp Gate  
  28  2:35  Adept  
  30  2:38  Probe (Chrono Boost)  
  30  2:43  Probe (Chrono Boost)  
  32  2:48  Probe (Chrono Boost)  
  34  2:51  Probe (Chrono Boost)  
  34  2:53  Probe (Chrono Boost)  
  35  3:02  Probe  
  35  3:05  Probe  
  37  3:10  Void Ray (Chrono Boost)  
  41  3:13  Pylon  
  41  3:14  Probe  
  41  3:17  Probe  
  43  3:26  Probe  
  44  3:27  Gateway  
  44  3:29  Probe  
  45  3:38  Probe, Oracle (Chrono Boost)  
  45  3:41  Probe  
  50  3:50  Probe  
  50  3:52  Nexus  
  50  3:55  Pylon  
  51  3:57  Probe  
  53  4:02  Probe  
  53  4:07  Assimilator  
  53  4:09  Probe  
  54  4:11  Assimilator  
  54  4:14  Forge  
  54  4:16  Twilight Council  
  55  4:17  Probe (Chrono Boost)  
  55  4:21  Probe (Chrono Boost)  
  56  4:25  Pylon  
  56  4:30  Probe (Chrono Boost)  
  56  4:31  Probe (Chrono Boost), Robotics Facility  
  58  4:35  Probe  
  59  4:39  Probe  
  60  4:48  Probe (Chrono Boost), Gateway  
  60  4:50  Gateway  
  60  4:51  Protoss Ground Weapons Level 1 (Chrono Boost)  
  62  4:53  Charge, Probe (Chrono Boost)  
  62  4:58  Templar Archives  
  63  5:00  Probe (Chrono Boost)  
  63  5:06  Probe (Chrono Boost)  
  65  5:09  Probe x2 (Chrono Boost)  
  67  5:14  Probe (Chrono Boost)  
  67  5:17  Probe (Chrono Boost), Assimilator  
  67  5:18  Probe (Chrono Boost)  
  67  5:19  Probe (Chrono Boost), Assimilator  
  70  5:26  Probe  
  70  5:27  Probe  
  72  5:30  Probe  
  72  5:34  Gateway  
  73  5:35  Gateway  
  73  5:37  Gateway  
  73  5:38  Probe  
  73  5:39  Observer (Chrono Boost), Probe  
  73  5:40  High Templar x2  
  73  5:42  Probe  
  81  5:47  Archon  
  81  5:50  Probe  
  81  5:52  Probe  
  81  5:54  Pylon  
  81  5:55  Gateway  
  83  6:01  Warp Prism (Chrono Boost)  
  83  6:03  Pylon  
  83  6:05  Pylon  
  83  6:09  Pylon  
  85  6:11  Photon Cannon  
  85  6:13  High Templar x2, Zealot x2  
  85  6:18  Archon  
  93  6:23  Psionic Storm  
  93  6:24  Pylon  
  93  6:26  Nexus  
  93  6:34  Immortal  
  97  6:40  Probe x2  
  99  6:48  High Templar  
  99  6:49  High Templar, Zealot x5  
  99  6:50  Zealot  
  99  6:52  Probe  
  116  6:55  Archon  
  116  7:01  Pylon  
  116  7:02  Probe  
  116  7:05  Pylon  
  117  7:10  Probe, High Templar x3  
  117  7:12  Shield Battery  
  124  7:17  Photon Cannon, Probe  
  124  7:18  Shield Battery  
  124  7:19  Immortal (Chrono Boost)  
  124  7:21  Probe  
  130  7:23  Gateway  
  130  7:24  Probe  
  130  7:29  Probe  
  122  7:30  High Templar x2  
  122  7:33  Probe  
  122  7:36  Probe  
  128  7:44  Probe x2, Assimilator  
  128  7:45  Probe  
  128  7:48  Assimilator  
  128  7:51  Immortal (Chrono Boost)  
  131  7:52  Photon Cannon  
  137  7:59  Stalker x3  
  137  8:00  Stalker  
  137  8:04  Stalker x2  
  146  8:05  Stalker  
  146  8:08  Stalker  
  146  8:11  Probe  
  145  8:13  Photon Cannon  
  145  8:14  Probe  
  145  8:19  Probe  
  139  8:20  Probe  
  139  8:22  Photon Cannon, Blink (Chrono Boost)  
  139  8:23  Probe  
  139  8:26  Probe  
  141  8:31  Probe  
  141  8:32  Probe  
  141  8:33  Stalker x6  
  151  8:39  Probe  
  147  8:41  Probe  
  147  8:43  Probe  
  147  8:44  Probe  
  148  8:51  Probe  
  148  8:53  Probe  
  150  8:55  Stalker x3  
  150  9:00  Pylon x2  
  156  9:03  Shield Battery  
  156  9:09  Protoss Ground Armor Level 1 (Chrono Boost)  
  156  9:14  Stalker x3  
  152  9:17  Stalker x2  
  152  9:18  Probe x2  
  152  9:21  Probe  
  152  9:22  Probe  
  153  9:30  Probe x2  
  151  9:33  Pylon, Probe  
  151  9:34  Probe  
  150  9:42  Stalker x5, Probe x2  
  150  9:45  Stalker x2  
  163  9:46  Probe  
  163  9:48  Probe  
  163  9:54  Probe  
  163  9:59  Pylon  
  164  10:00  Pylon x2  
  164  10:01  Pylon  
  164  10:05  Photon Cannon, Probe, Gateway  
  164  10:06  Photon Cannon  
  161  10:08  Photon Cannon  
  161  10:10  Photon Cannon  
  157  10:24  Stalker x8  
  157  10:27  Probe  
  160  10:29  Probe  
  160  10:33  Probe  
  162  10:38  Warp Prism  
  160  10:45  Photon Cannon  
  160  10:46  Photon Cannon  
  160  10:48  Photon Cannon  
  158  10:50  Photon Cannon  
  158  10:51  High Templar  
  158  10:52  Photon Cannon  
  158  10:54  Photon Cannon  
  158  10:55  High Templar  
  158  10:56  Photon Cannon  
  160  11:03  High Templar  
  160  11:04  Stalker x5, High Templar  
  164  11:10  Probe  
  168  11:11  Protoss Ground Armor Level 2 (Chrono Boost)  
  168  11:17  Probe  
  169  11:24  Stalker  
  161  11:28  Stalker  
  161  11:29  Stalker  
  161  11:32  Probe x2  
  156  11:35  Probe x2  
  156  11:39  Stalker x4, Pylon, High Templar  
  160  11:43  Assimilator  
  160  12:03  Stalker x7  
  163  12:08  Probe  
  163  12:12  Probe  
  148  12:16  Probe  
  148  12:17  Stalker  
  137  12:23  Probe x2  
  137  12:24  Probe  
  137  12:28  Probe  
  130  12:33  Stalker x5  
  130  12:35  Probe  
  132  12:39  Probe x2  
  132  12:42  Zealot x3  
  137  12:47  Probe  
  134  12:54  Probe  
  135  13:01  Probe  
  133  13:06  Probe  
  133  13:08  Probe x2  
  132  13:14  Probe (Chrono Boost)  
  132  13:18  Probe (Chrono Boost)  
  134  13:20  Probe (Chrono Boost)  
  134  13:21  Probe (Chrono Boost)  
  134  13:26  Probe (Chrono Boost)  
  137  13:29  Probe (Chrono Boost)  
  137  13:30  Probe (Chrono Boost)  
  137  13:32  Probe (Chrono Boost)  
  137  13:37  Probe  
  131  13:46  Archon x2  
  85  14:18  Stalker x4  
Tags
 
Add a new tag
Caveats
  • Supply blocks, unpowered buildings, or Contaminate may cause inaccurate times.
  • Supply counts are checked every 10 seconds.